 Dungeon Crawl Stone Soup version 0.29.0-11-gd7f09526c8 (webtiles) character file.

Game seed: 16243923968812530438

227 Pooter the Chopper (level 5, 0/47 HPs)
             Began as a Minotaur Berserker on Sept 6, 2022.
             Was a Follower of Trog.
             Slain by an orc priest
             ... wielding a +0 club
              (2 damage)
             ... on level 3 of the Dungeon.
             The game lasted 00:12:50 (2704 turns).

Pooter the Chopper (Minotaur Berserker)             Turns: 2704, Time: 00:12:50

Health: 0/47       AC:  7    Str: 26    XL:     5   Next: 70%
Magic:  4/4        EV:  9    Int: 10    God:    Trog [*.....]
Gold:   152        SH: 11    Dex:  9    Spells: 4/4 levels left

rFire   . . .      SeeInvis .   a - +0 hand axe
rCold   . . .      Faith    .   v - +0 kite shield
rNeg    . . .      Spirit   .   w - +1 ring mail of Forking Paths {Rampage rPois Str+2}
rPois   +          Reflect  +   (helmet restricted)
rElec   .          Harm     .   (no cloak)
rCorr   .          Rampage  +   (no gloves)
Will    .....                   k - +0 pair of boots
Stlth   ..........              p - amulet of reflection
HPRegen 0.15/turn               m - +6 ring of intelligence
MPRegen 0.09/turn               (no ring)

@: brilliant, on berserk cooldown, slowed, very slow
A: horns 2, retaliatory headbutt
a: Renounce Religion, Berserk


You were on level 3 of the Dungeon.
You worshipped Trog.
Trog was aware of your devotion.
You visited 1 branch of the dungeon, and saw 3 of its levels.
You also visited: Sewer.

You collected 152 gold pieces.

Inventory:

Hand Weapons
 a - a +0 hand axe (weapon)
 b - a +0 sling
   (You took it off a goblin on level 3 of the Dungeon)
Missiles
 Q - 28 stones (quivered)
Armour
 k - a +0 pair of boots (worn)
   (You found it on level 1 of the Dungeon)
 s - a scarf of shadows
   (You found it on level 2 of the Dungeon)
 v - a +0 kite shield (worn)
   (You found it in a sewer)
 w - the +1 ring mail of Forking Paths (worn) {Rampage rPois Str+2}
   (You found it on level 3 of the Dungeon)

   Str:       It affects your strength (+2).
   rPois:     It protects you from poison.
   Rampage:   It bestows one free step when moving towards enemies.
Jewellery
 l - an amulet of faith {!P}
   (You found it on level 1 of the Dungeon)
 m - a +6 ring of intelligence (left hand)
   (You found it on level 1 of the Dungeon)
 p - an amulet of reflection (around neck)
   (You found it on level 2 of the Dungeon)
Wands
 q - a wand of polymorph (12)
   (You found it on level 2 of the Dungeon)
 u - a wand of quicksilver (6)
   (You found it on level 3 of the Dungeon)
Scrolls
 f - a scroll of immolation {!r}
 g - a scroll of butterflies
 h - a scroll of poison {unknown}
 t - 3 scrolls of teleportation {@r4}
Potions
 c - a potion of degeneration {unknown}
 d - a potion of haste {unknown}
 e - a potion of experience {unknown}
 i - a potion of might {unknown}
 j - a potion of brilliance
 n - a potion of magic
 o - a potion of curing {unknown}
 r - a potion of mutation {unknown}
 x - 2 potions of heal wounds {unknown}


   Skills:
 + Level 4.9 Fighting
 * Level 6.0 Axes
 * Level 3.0 Ranged Weapons
 - Level 2.4 Armour
 - Level 2.1 Dodging


You had 4 spell levels left.
You didn't know any spells.
Your spell library was empty.

Dungeon Overview and Level Annotations

Branches:
Dungeon (3/15)              Sewer (visited)

Altars:


Innate Abilities, Weirdness & Mutations

You have a pair of horns on your head.
You reflexively headbutt those who attack you in melee.


Message History

It was a potion of brilliance.
You feel clever all of a sudden. The orc closely misses you.
The orc wizard hits you but does no damage.
It was a potion of magic.
Magic courses through your body.
You feel less confused. You block the orc's attack.
You slash the orc!
You kill the orc!
Trog accepts your kill.
You barely miss the orc wizard.
The orc wizard hits you but does no damage.
You barely miss the orc wizard. You hit the orc.
The orc hits you but does no damage. You block the orc wizard's attack.
The orc wizard barely misses you.
The orc priest calls upon Beogh to heal the orc.
The orc's wounds heal themselves!
You block the orc's attack.
You hit the orc wizard. You hit the orc but do no damage.
You block the orc's attack.
The orc wizard hits you with a +0 dagger.
* * * LOW HITPOINT WARNING * * *
The orc wizard hits you but does no damage.
The orc hits you with a +0 morningstar of protection.
* * * LOW HITPOINT WARNING * * *
You closely miss the orc wizard. You hit the orc.
The orc hits you with a +0 morningstar of protection!
* * * LOW HITPOINT WARNING * * *
The orc wizard hits you with a +0 dagger.
* * * LOW HITPOINT WARNING * * *
You block the orc wizard's attack. You block the orc's attack.
Unknown command.
You closely miss the orc wizard. Your headbutt misses the orc wizard.
You hit the orc. The orc barely misses you.
The orc priest casts a cantrip, but nothing happens.
The orc wizard misses you. You furiously retaliate!
You headbutt the orc wizard!
You kill the orc wizard!
Trog accepts your kill.
Trog appreciates your killing of a magic user.
Your Axes skill increases to level 6!
Your Ranged Weapons skill increases to level 3!
You closely miss the orc. Your headbutt misses the orc.
You barely miss the orc priest. The orc priest hits you with a +0 club.
* * * LOW HITPOINT WARNING * * *
The orc hits you with a +0 morningstar of protection.
* * * LOW HITPOINT WARNING * * *
You closely miss the orc.
You hit the orc priest but do no damage.
You block the orc's attack. The orc priest hits you with a +0 club.
You die...

.........#♣.♣
♣.♣..)♣
............♣
♣♣.♣♣♣.♣
.........#♣♣♣
♣♣..♣ ♣.♣
.........#
♣..♣♣ ♣.♣
.........#
♣♣..♣ ♣.♣ #
..^......#
♣..♣♣ ♣.♣♣ #
.........#
♣♣♣ ♣..♣ ♣..♣
# .........#
♣.♣ ♣♣.♣♣
♣♣.♣ #
.........#
♣♣♣@♣ ♣..♣
♣♣.♣ #
.........#
♣♣.oo♣♣♣..♣
♣..♣ #
.........#
♣...o.♣..♣♣
♣.♣♣
.........#
♣...♣....♣
♣♣.♣
...(.....#
♣.♣♣♣♣.♣♣♣
♣.♣♣
######.### ♣.
♣♣♣ ♣.♣♣ #.#
♣ ♣..♣ #.#
♣♣.♣ #.# ♣.♣♣


You could see an orc priest and 2 orcs.

Vanquished Creatures
  Pargi (Sewer)
  Natasha (D:3)
  An orc wizard (D:3)
  A river rat (D:3)
  3 worms (D:3)
  2 orcs (D:3)
  5 ball pythons
  5 bats
  4 endoplasms
  6 giant cockroaches
  2 goblins
  4 hobgoblins (D:1)
  4 jackals (D:3)
  6 kobolds
  5 quokkas
  6 frilled lizards
  4 rats
60 creatures vanquished.

Vanquished Creatures (others)
  A plant (D:2)
1 creature vanquished.

Grand Total: 61 creatures vanquished

Notes
Turn   | Place    | Note
-------+----------+-------------------------------------------
     0 | D:1      | Pooter the Minotaur Berserker began the quest for the Orb.
     0 | D:1      | Reached XP level 1. HP: 19/19 MP: 0/0
   122 | D:1      | Reached skill level 4 in Axes
   132 | D:1      | Reached XP level 2. HP: 25/27 MP: 1/1
   668 | D:1      | Found a faded altar of an unknown god.
  1110 | D:2      | Reached XP level 3. HP: 27/33 MP: 2/2
  1782 | D:3      | Noticed Natasha
  1787 | D:3      | Killed Natasha
  1788 | D:3      | Reached skill level 5 in Axes
  1788 | D:3      | Reached skill level 1 in Ranged Weapons
  1927 | D:3      | Identified the +1 ring mail of Forking Paths {Rampage rPois
                  | Str+2}
  1960 | D:3      | Reached XP level 4. HP: 41/41 MP: 3/3
  2014 | D:3      | Found a glowing drain.
  2028 | Sewer    | Entered a sewer
  2131 | Sewer    | Noticed Pargi
  2138 | Sewer    | Killed Pargi
  2139 | Sewer    | Reached XP level 5. HP: 47/47 MP: 4/4
  2313 | D:3      | Noticed Ijyb
  2318 | D:3      | Noticed Ijyb
  2318 | D:3      | Ijyb changed into Ijyb the endoplasm
  2324 | D:3      | Killed Ijyb the endoplasm
  2703 | D:3      | Reached skill level 6 in Axes
  2703 | D:3      | HP: 1/47 [orc/+0 morningstar of protection (2)]
  2704 | D:3      | Slain by an orc priest

Illustrated notes

Levels and vault maps discovered:
D:1:      dpeg_arrival_connections, layout_loops_ring,
          chequers_ecumenical_altar_twisty
D:2:      layout_rooms, serial_bayou, serial_bayou_pond_a, serial_bayou_shore_b,
          serial_bayou_ford_a, serial_bayou_shore_a, serial_bayou_lagoon_a,
          serial_bayou_crossing, hex_tiny, minmay_misc_feat_enclosed
D:3:      kb_forest_paths, layout_basic, gup_sewer_entry_spiral, uniq_ijyb,
          uniq_natasha

Skill      XL: |  1  2  3  4  5 |
---------------+----------------+-----
Axes           | 4 5 6 |  6.0
Fighting       | 4 |  4.9
Ranged Weapons | 1 2 3 |  3.0
Armour         | |  2.4
Dodging        | |  2.1

Action                   |  1- 3 |  4- 6 || total
-------------------------+-------+-------++-------
Melee: Hand axe          |    78 |    81 ||   159
       Headbutt          |     5 |     9 ||    14
Invok: Berserk           |     1 |     2 ||     3
Evoke: Wand              |       |     1 ||     1
  Use: Scroll            |     3 |       ||     3
       Potion            |       |     2 ||     2
 Stab: Sleeping          |     1 |       ||     1
Armor: Animal skin       |    16 |       ||    16
       Ring mail         |     1 |    26 ||    27
Dodge: Dodged            |    48 |    24 ||    72
Block: Buckler           |    20 |    13 ||    33
       Kite shield       |       |    25 ||    25
